Map: New Repugnancy LE

Players

llllllllllll (Stats)

  • Race: Protoss Protoss
  • League: Master
  • Spawn Location: 1:00

TSGSolar (Solar) - Winner!

  • Race: Zerg Zerg
  • League: Diamond
  • Spawn Location: 7:00

Event: 2019 Assembly Summer

VOD

Have the link to the VOD?

Description

Time

  • Played on: Aug. 3, 2019, 2:14 p.m.
  • Length: 12:16

All games in this series

Show
View Real Time Build Order
Export as new Build Order

llllllllllll Protoss 

Build Orders: 1 Gate Expand, Oracle Opening, Phoenix Opening, Chargelot Immortal 

Get SALT Encoding   

  12  0:00  Probe  
  13  0:12  Probe  
  14  0:18  Pylon  
  14  0:24  Probe  
  14  0:27  Assimilator  
  15  0:33  Probe  
  15  0:42  Probe  
  16  0:43  Gateway  
  17  0:51  Probe  
  18  1:03  Probe  
  19  1:15  Probe  
  20  1:23  Nexus  
  20  1:32  Cybernetics Core  
  20  1:35  Probe  
  21  1:41  Assimilator  
  21  1:47  Probe  
  21  1:51  Pylon  
  22  1:59  Adept, Probe  
  23  2:11  Probe  
  23  2:14  Stargate  
  26  2:19  Warp Gate  
  26  2:24  Probe  
  26  2:29  Adept  
  29  2:31  Probe  
  29  2:32  Probe  
  31  2:39  Probe  
  31  2:40  Probe  
  33  2:49  Probe  
  33  2:50  Probe  
  33  2:54  Phoenix  
  37  3:01  Probe  
  37  3:02  Probe  
  39  3:06  Pylon  
  39  3:11  Oracle  
  39  3:13  Probe  
  39  3:14  Probe  
  44  3:24  Gateway  
  44  3:26  Probe x2  
  46  3:30  Assimilator  
  46  3:31  Assimilator  
  46  3:38  Probe x2  
  46  3:40  Oracle  
  48  3:45  Pylon  
  51  3:50  Probe x2  
  51  3:55  Robotics Facility  
  53  4:02  Probe  
  54  4:03  Probe  
  54  4:04  Pylon  
  55  4:14  Probe  
  55  4:16  Probe  
  57  4:17  Oracle  
  57  4:19  Adept  
  57  4:22  Pylon  
  57  4:23  Sentry  
  64  4:30  Immortal  
  64  4:34  Pylon  
  64  4:41  Sentry  
  70  4:50  Sentry  
  72  5:01  Gateway  
  72  5:02  Gateway, Observer  
  72  5:03  Gateway  
  72  5:04  Gateway  
  72  5:07  Pylon  
  72  5:13  Sentry  
  75  5:21  Sentry  
  75  5:22  Warp Prism  
  75  5:31  Probe x2  
  75  5:32  Nexus  
  75  5:33  Pylon  
  77  5:35  Pylon  
  77  5:42  Sentry  
  79  5:43  Probe  
  79  5:44  Probe  
  78  5:59  Immortal  
  78  6:03  Probe x2  
  77  6:05  Adept  
  77  6:07  Shield Battery  
  83  6:20  Pylon, Stalker  
  83  6:21  Stalker x3  
  83  6:22  Stalker  
  83  6:23  Pylon  
  93  6:26  Stalker  
  95  6:47  Stalker x2  
  95  6:48  Stalker x3  
  103  6:55  Stalker  
  103  7:00  Probe x3  
  105  7:08  Forge  
  108  7:09  Twilight Council  
  108  7:10  Probe x3  
  108  7:12  Immortal  
  115  7:21  Phoenix x2  
  115  7:28  Probe x3  
  118  7:36  Shield Battery  
  118  7:38  Shield Battery x2  
  118  7:40  Pylon  
  118  7:46  Protoss Ground Weapons Level 1  
  122  7:51  Immortal  
  122  7:52  Charge  
  122  7:59  Zealot x5  
  122  8:00  Zealot  
  122  8:03  Templar Archives  
  134  8:09  Assimilator  
  134  8:10  Assimilator  
  134  8:12  Shield Battery  
  134  8:13  Probe x2  
  134  8:14  Probe, Shield Battery x2  
  134  8:19  Pylon  
  137  8:20  Pylon  
  137  8:29  Pylon  
  137  8:31  Zealot  
  139  8:36  Immortal  
  139  8:40  High Templar x2  
  139  8:41  High Templar  
  149  8:52  Zealot x3  
  151  8:59  Gateway  
  151  9:01  Gateway  
  146  9:14  High Templar x2  
  146  9:15  Zealot x4  
  158  9:27  Templar Archives  
  156  9:40  Zealot x4  
  156  9:44  Psionic Storm  
  164  9:50  Zealot x2  
  166  9:59  Pylon  
  166  10:00  Pylon  
  166  10:03  Pylon  
  166  10:04  Immortal  
  166  10:05  Pylon  
  160  10:07  Pylon  
  160  10:09  Pylon  
  130  10:25  Zealot x7  
  134  10:38  Shield Battery  
  134  10:39  Shield Battery  
  132  10:43  Fleet Beacon  
  132  10:49  High Templar x5  
  138  10:50  High Templar  
  138  10:53  Archon  
  138  10:54  Zealot x2, Archon x2  
  120  11:16  Immortal  
  112  11:22  Pylon  
  108  11:29  Zealot x5  
  126  11:35  Archon  
  126  11:39  Archon  
  104  11:48  Zealot  
  100  11:59  High Templar  
  100  12:00  High Templar x3, Zealot  
Show
View Real Time Build Order
Export as new Build Order

TSGSolar Zerg - Winner!

Build Orders: Hatch First, Swarm Host 

Get SALT Encoding   

  12  0:01  Drone  
  13  0:12  Overlord  
  13  0:17  Drone  
  14  0:30  Drone x2  
  16  0:48  Hatchery  
  15  0:52  Drone  
  15  0:55  Drone  
  17  0:58  Drone  
  18  1:09  Extractor  
  17  1:13  Spawning Pool  
  17  1:16  Drone  
  17  1:20  Drone  
  18  1:27  Drone  
  19  1:38  Drone  
  20  1:49  Hatchery  
  20  1:50  Drone  
  20  2:01  Queen  
  20  2:04  Drone  
  23  2:08  Drone  
  23  2:13  Metabolic Boost  
  24  2:16  Drone  
  24  2:21  Overlord  
  25  2:30  Queen  
  25  2:32  Zergling x2  
  28  2:40  Zergling x2  
  29  2:44  Queen  
  29  2:47  Drone x2  
  29  2:49  Drone  
  34  2:54  Drone  
  34  2:55  Drone  
  36  3:01  Queen  
  36  3:05  Overlord  
  38  3:09  Drone  
  38  3:10  Drone  
  40  3:14  Drone  
  40  3:16  Drone  
  40  3:19  Overlord  
  42  3:24  Queen  
  42  3:26  Drone  
  45  3:29  Drone  
  45  3:30  Drone  
  45  3:33  Overlord  
  47  3:35  Drone  
  47  3:37  Spore Crawler  
  47  3:39  Drone  
  48  3:42  Spore Crawler  
  48  3:43  Drone  
  48  3:47  Drone x2  
  50  3:58  Overlord  
  50  3:59  Drone x5  
  55  4:05  Overlord  
  55  4:06  Drone x2  
  55  4:08  Drone  
  58  4:11  Overlord  
  58  4:15  Drone  
  57  4:17  Zergling x6  
  57  4:23  Zergling x4  
  62  4:28  Spore Crawler  
  62  4:29  Lair  
  60  4:31  Drone  
  60  4:32  Drone x3, Extractor x2  
  60  4:33  Drone  
  63  4:38  Roach Warren  
  63  4:40  Drone x2  
  63  4:43  Zergling x6  
  67  4:46  Drone  
  67  4:48  Overlord  
  67  4:50  Drone  
  67  4:51  Drone  
  67  4:52  Drone  
  71  4:53  Drone  
  71  4:57  Drone  
  71  5:01  Overlord  
  71  5:04  Drone x3  
  74  5:07  Drone x2  
  74  5:08  Extractor  
  74  5:11  Extractor  
  74  5:13  Drone x2  
  74  5:14  Drone  
  77  5:19  Drone x6  
  80  5:26  Overlord  
  80  5:27  Glial Reconstitution  
  80  5:29  Roach  
  80  5:31  Roach  
  80  5:32  Overseer  
  83  5:37  Roach x3  
  83  5:42  Overlord  
  89  5:44  Zergling x6  
  89  5:45  Zergling x2  
  88  5:57  Roach x3, Drone x2  
  87  5:59  Drone x2  
  93  6:06  Overlord  
  93  6:10  Roach x2  
  93  6:11  Ravager x3  
  100  6:14  Overlord  
  100  6:20  Roach x3  
  100  6:22  Zergling x4  
  100  6:25  Overlord  
  108  6:27  Extractor  
  108  6:28  Drone  
  108  6:30  Evolution Chamber  
  108  6:32  Drone x2, Zergling x2  
  110  6:33  Zergling x2  
  110  6:35  Overlord  
  110  6:37  Overlord  
  111  6:43  Zergling x6  
  114  6:49  Zergling x2  
  114  6:50  Zergling x4  
  109  6:56  Roach  
  109  6:59  Roach x3  
  109  7:00  Zergling x2  
  109  7:01  Zergling x8  
  118  7:05  Ravager  
  116  7:10  Zerg Missile Weapons Level 1  
  116  7:11  Infestation Pit, Overlord  
  116  7:12  Drone x5  
  116  7:14  Overseer, Ravager  
  120  7:20  Drone  
  120  7:26  Zergling x4  
  120  7:37  Drone x3  
  120  7:38  Drone  
  124  7:47  Swarm Host x6  
  124  7:49  Swarm Host  
  145  7:52  Hatchery  
  145  7:54  Swarm Host  
  145  7:55  Swarm Host  
  145  7:56  Swarm Host  
  153  7:59  Overlord  
  153  8:01  Overlord  
  153  8:05  Drone  
  154  8:07  Nydus Network  
  154  8:10  Overlord  
  153  8:14  Overlord  
  153  8:17  Swarm Host x2  
  153  8:18  Swarm Host  
  162  8:22  Roach x2  
  162  8:24  Overlord  
  162  8:26  Roach  
  162  8:27  Roach  
  170  8:28  Roach  
  170  8:29  Swarm Host  
  170  8:32  Swarm Host  
  177  8:35  Overlord  
  177  8:38  Ravager  
  177  8:39  Zergling x6  
  181  8:41  Roach  
  182  8:49  Overlord  
  182  8:51  Roach x4  
  182  8:54  Nydus Canal  
  186  8:56  Roach x2  
  186  9:00  Ravager  
  186  9:01  Ravager  
  192  9:04  Zergling x6  
  192  9:07  Roach  
  192  9:08  Roach x3  
  192  9:09  Nydus Canal  
  192  9:12  Zergling x4  
  194  9:17  Ravager x2  
  194  9:21  Roach  
  194  9:22  Roach  
  199  9:35  Nydus Canal  
  199  9:42  Nydus Canal  
  199  9:46  Zergling x2  
  199  9:51  Spire  
  192  9:53  Hive  
  192  9:54  Zergling x2  
  192  9:55  Zergling x12  
  199  10:06  Roach  
  197  10:08  Roach  
  197  10:11  Roach x2  
  197  10:12  Roach x2  
  197  10:14  Roach  
  198  10:15  Roach  
  198  10:17  Nydus Canal  
  198  10:18  Zergling x2  
  198  10:20  Zergling x2  
  195  10:21  Roach x2  
  195  10:24  Zergling x6  
  195  10:26  Roach  
  195  10:28  Zergling x4  
  199  10:35  Roach  
  199  10:41  Zergling x4, Extractor  
  199  10:42  Ravager  
  199  10:46  Zergling x6  
  199  10:48  Ravager  
  197  10:50  Roach  
  197  10:53  Roach x2, Ravager  
  197  10:55  Roach  
  197  10:59  Zergling x6  
  197  11:08  Roach x6  
  190  11:13  Roach x2  
  190  11:14  Roach  
  190  11:15  Roach  
  190  11:16  Roach  
  188  11:18  Roach  
  188  11:19  Roach  
  188  11:20  Roach x3  
  188  11:25  Roach x3  
  181  11:28  Roach x7  
  181  11:32  Zergling x4  
  184  11:36  Roach  
  179  11:40  Roach  
  179  11:41  Roach x2  
  179  11:46  Roach  
  189  11:55  Zergling x6  
  189  11:57  Ravager x2  
  189  11:58  Ravager x5  
  200  12:07  Extractor  
Tags
 
Add a new tag
Caveats
  • Supply blocks, unpowered buildings, or Contaminate may cause inaccurate times.
  • Supply counts are checked every 10 seconds.